[ AOE2 MATCH · #484413675 ]
Team RMItalians vs Vietnamese
[ REPLAY ANALYSIS · EXTRACTED FROM THE RECORDED GAME ]
Feudal
11:32
Castle
17:13
Imperial
—
| APM avg | 17.7 |
| APM peak | 51 |
| eAPM avg | 12.2 |
| Villagers / military | 105 / 26 |
Focus
⚔️ 10.1% · 🌾 89.9%
Genoese Crossbowman ×19 · Mangonel ×4 · Monk ×3
Feudal
9:48
Castle
20:17
Imperial
—
| APM avg | 14.7 |
| APM peak | 70 |
| eAPM avg | 9.0 |
| Villagers / military | 68 / 33 |
Focus
⚔️ 16.1% · 🌾 83.9%
Longbowman ×30 · Petard ×2 · Trade Cart ×1 · Monk ×1
Feudal
14:26
Castle
19:46
Imperial
25:03
| APM avg | 14.0 |
| APM peak | 48 |
| eAPM avg | 8.9 |
| Villagers / military | 43 / 21 |
Focus
⚔️ 22.9% · 🌾 77.1%
Skirmisher ×15 · Spearman ×5 · Archer ×1
Feudal
10:17
Castle
18:45
Imperial
—
| APM avg | 16.4 |
| APM peak | 46 |
| eAPM avg | 12.4 |
| Villagers / military | 91 / 61 |
Focus
⚔️ 26.1% · 🌾 73.9%
Fire Lancer ×40 · Battering Ram ×6 · Rattan Archer ×6 · Battle Elephant ×5 · Skirmisher ×4
Match map
Resources at game start + every placement click. Thick line = wall · dashed box = detected house wall. 🟡 gold · ⚪ stone · 🟢 berries · 🔶 boar · ⭕ relic
Your base· ✓ Closed at 17:13 · 5t walls
Judmerg's base· ✓ Closed at 20:17 · 0t walls
ggLUNCHIE_YT's base· ✓ Closed at 19:46 · 0t walls · 1 gate(s)
CrankShaft's base· ✓ Closed at 18:45 · 0t walls
Elevation-shaded terrain · ⚠ = detected wall gap · hover for details
Inputs per minute
— vserna.cas - - Judmerg
Build order — vserna.cas
First 150 of 203 actions detected
| 0:10 | Build | House |
| 0:16 | Create | Villager (Male) |
| 0:16 | Create | Villager (Male) |
| 0:17 | Create | Villager (Male) |
| 0:17 | Create | Villager (Male) |
| 0:17 | Create | Villager (Male) |
| 1:40 | Create | Villager (Male) |
| 1:40 | Create | Villager (Male) |
| 1:41 | Create | Villager (Male) |
| 2:06 | Build | House |
| 2:07 | Build | House |
| 2:11 | Build | Lumber Camp |
| 2:17 | Create | Villager (Male) |
| 2:17 | Create | Villager (Male) |
| 2:17 | Create | Villager (Male) |
| 2:37 | Create | Villager (Male) |
| 2:37 | Create | Villager (Male) |
| 2:59 | Create | Villager (Male) |
| 2:59 | Create | Villager (Male) |
| 2:59 | Create | Villager (Male) |
| 3:16 | Create | Villager (Male) |
| 3:16 | Create | Villager (Male) |
| 3:17 | Create | Villager (Male) |
| 4:02 | Create | Villager (Male) |
| 4:03 | Create | Villager (Male) |
| 4:03 | Create | Villager (Male) |
| 4:46 | Build | Mill |
| 4:51 | Create | Villager (Male) |
| 4:52 | Create | Villager (Male) |
| 5:08 | Create | Villager (Male) |
| 5:09 | Create | Villager (Male) |
| 5:09 | Create | Villager (Male) |
| 5:28 | Create | Villager (Male) |
| 5:28 | Create | Villager (Male) |
| 5:28 | Create | Villager (Male) |
| 5:58 | Create | Villager (Male) |
| 5:58 | Create | Villager (Male) |
| 6:06 | Build | House |
| 6:07 | Build | House |
| 6:40 | Research | Loom |
| 6:42 | Create | Villager (Male) |
| 6:43 | Create | Villager (Male) |
| 7:34 | Create | Villager (Male) |
| 7:34 | Create | Villager (Male) |
| 7:34 | Create | Villager (Male) |
| 8:12 | Create | Villager (Male) |
| 8:20 | Build | Mining Camp |
| 9:16 | Research | Feudal Age |
| 9:58 | Build | Mill |
| 11:07 | Build | House |
| 11:17 | Create | Villager (Male) |
| 11:17 | Create | Villager (Male) |
| 11:17 | Create | Villager (Male) |
| 11:18 | Create | Villager (Male) |
| 11:19 | Create | Villager (Male) |
| 11:32 | Age | Feudal Age |
| 11:40 | Build | Mining Camp |
| 11:55 | Build | Market |
| 12:05 | Research | Horse Collar |
| 12:40 | Build | Farm |
| 12:41 | Build | Farm |
| 12:43 | Build | Farm |
| 12:44 | Build | Farm |
| 12:46 | Build | Farm |
| 13:16 | Build | Blacksmith |
| 13:35 | Create | Villager (Male) |
| 13:53 | Build | Farm |
| 14:09 | Build | Stone Wall |
| 14:16 | Build | Building 487 |
| 14:25 | Build | Stone Wall |
| 14:33 | Research | Castle Age |
| 14:40 | Build | Farm |
| 15:05 | Build | Stone Wall |
| 15:15 | Build | Building 490 |
| 16:01 | Research | Double-Bit Axe |
| 16:16 | Research | Stone Mining |
| 16:21 | Research | Gold Mining |
| 16:29 | Build | House |
| 16:39 | Build | House |
| 16:46 | Build | Stone Wall |
| 17:06 | Research | Wheelbarrow |
| 17:10 | Create | Villager (Male) |
| 17:13 | Age | Castle Age |
| 17:32 | Build | Town Center |
| 18:10 | Create | Villager (Male) |
| 18:10 | Create | Villager (Male) |
| 18:44 | Create | Villager (Male) |
| 19:11 | Build | Farm |
| 19:12 | Build | Farm |
| 19:13 | Build | Farm |
| 19:15 | Build | Farm |
| 19:47 | Build | Castle |
| 19:55 | Create | Villager (Male) |
| 19:55 | Create | Villager (Male) |
| 19:55 | Create | Villager (Male) |
| 20:18 | Build | Palisade Wall |
| 20:25 | Build | Palisade Wall |
| 20:29 | Build | Palisade Wall |
| 20:30 | Build | Palisade Wall |
| 21:20 | Create | Villager (Male) |
| 21:20 | Create | Villager (Male) |
| 21:20 | Create | Villager (Male) |
| 21:20 | Create | Villager (Male) |
| 21:25 | Create | Villager (Male) |
| 21:26 | Create | Villager (Male) |
| 21:26 | Create | Villager (Male) |
| 21:26 | Create | Villager (Male) |
| 21:36 | Build | Town Center |
| 21:50 | Build | Farm |
| 21:51 | Build | Farm |
| 21:53 | Build | Farm |
| 21:55 | Build | Farm |
| 21:57 | Build | Farm |
| 21:59 | Build | Farm |
| 22:07 | Create | Villager (Male) |
| 22:11 | Create | Villager (Male) |
| 22:27 | Build | Farm |
| 22:29 | Build | Farm |
| 22:36 | Build | Farm |
| 22:47 | Create | Villager (Male) |
| 22:52 | Create | Villager (Male) |
| 22:52 | Create | Villager (Male) |
| 22:59 | Create | Villager (Male) |
| 22:59 | Create | Villager (Male) |
| 22:59 | Create | Villager (Male) |
| 23:37 | Build | Monastery |
| 23:42 | Build | Mining Camp |
| 23:49 | Create | Villager (Male) |
| 23:49 | Create | Villager (Male) |
| 23:49 | Create | Villager (Male) |
| 23:54 | Create | Villager (Male) |
| 23:54 | Create | Villager (Male) |
| 24:00 | Create | Villager (Male) |
| 24:01 | Create | Villager (Male) |
| 24:01 | Create | Villager (Male) |
| 24:20 | Research | Hand Cart |
| 24:23 | Create | Villager (Male) |
| 24:23 | Create | Villager (Male) |
| 24:31 | Create | Monk |
| 24:31 | Create | Monk |
| 24:31 | Create | Monk |
| 24:47 | Create | Villager (Male) |
| 24:48 | Create | Villager (Male) |
| 24:53 | Create | Villager (Male) |
| 24:53 | Create | Villager (Male) |
| 25:32 | Create | Villager (Male) |
| 25:32 | Create | Villager (Male) |
| 25:32 | Create | Villager (Male) |
| 25:36 | Create | Villager (Male) |
| 25:36 | Create | Villager (Male) |
Build order — Judmerg
First 150 of 154 actions detected
| 0:02 | Build | House |
| 0:05 | Build | House |
| 0:05 | Create | Villager (Male) |
| 0:06 | Create | Villager (Male) |
| 0:06 | Create | Villager (Male) |
| 0:28 | Create | Villager (Male) |
| 0:28 | Create | Villager (Male) |
| 1:53 | Create | Villager (Male) |
| 1:54 | Create | Villager (Male) |
| 1:54 | Create | Villager (Male) |
| 2:23 | Create | Villager (Male) |
| 2:23 | Create | Villager (Male) |
| 3:09 | Create | Villager (Male) |
| 3:09 | Create | Villager (Male) |
| 3:10 | Create | Villager (Male) |
| 3:10 | Create | Villager (Male) |
| 3:44 | Build | House |
| 3:44 | Build | House |
| 5:21 | Build | House |
| 5:23 | Create | Villager (Male) |
| 5:23 | Create | Villager (Male) |
| 5:23 | Create | Villager (Male) |
| 5:48 | Build | Outpost |
| 5:53 | Build | Outpost |
| 6:18 | Build | Mill |
| 6:26 | Build | Lumber Camp |
| 6:45 | Create | Villager (Male) |
| 7:38 | Research | Feudal Age |
| 8:15 | Build | Mining Camp |
| 9:34 | Create | Villager (Male) |
| 9:34 | Create | Villager (Male) |
| 9:34 | Create | Villager (Male) |
| 9:34 | Create | Villager (Male) |
| 9:48 | Age | Feudal Age |
| 10:04 | Research | Double-Bit Axe |
| 10:28 | Build | Farm |
| 10:39 | Build | Mining Camp |
| 11:02 | Create | Villager (Male) |
| 11:02 | Create | Villager (Male) |
| 11:52 | Create | Villager (Male) |
| 12:19 | Create | Villager (Male) |
| 12:30 | Create | Villager (Male) |
| 13:33 | Create | Villager (Male) |
| 13:41 | Build | Building 487 |
| 13:44 | Build | House |
| 13:45 | Build | House |
| 13:48 | Build | House |
| 13:50 | Build | House |
| 14:02 | Build | Market |
| 14:04 | Build | Blacksmith |
| 14:20 | Create | Villager (Male) |
| 14:59 | Create | Villager (Male) |
| 15:20 | Build | Farm |
| 15:23 | Build | Farm |
| 15:26 | Build | Farm |
| 15:28 | Build | Farm |
| 15:30 | Build | Farm |
| 15:51 | Research | Horse Collar |
| 16:36 | Create | Villager (Male) |
| 16:41 | Research | Stone Mining |
| 17:14 | Build | House |
| 17:37 | Research | Castle Age |
| 17:56 | Build | Building 490 |
| 17:59 | Build | House |
| 18:00 | Build | House |
| 18:24 | Create | Trade Cart |
| 19:42 | Create | Villager (Male) |
| 19:42 | Create | Villager (Male) |
| 19:48 | Research | Gold Mining |
| 20:17 | Age | Castle Age |
| 20:30 | Build | Town Center |
| 20:37 | Build | House |
| 20:38 | Build | House |
| 21:01 | Build | Castle |
| 21:11 | Create | Villager (Male) |
| 21:12 | Create | Villager (Male) |
| 21:19 | Build | Monastery |
| 21:46 | Research | Fletching |
| 21:57 | Build | House |
| 21:58 | Build | House |
| 21:59 | Build | House |
| 21:59 | Build | House |
| 22:00 | Build | House |
| 22:12 | Build | Mill |
| 22:19 | Create | Longbowman ×3 |
| 22:20 | Create | Longbowman ×3 |
| 22:34 | Create | Monk |
| 22:59 | Create | Villager (Male) |
| 22:59 | Create | Villager (Male) |
| 22:59 | Create | Villager (Male) |
| 23:06 | Create | Villager (Male) |
| 23:07 | Create | Villager (Male) |
| 24:00 | Create | Longbowman |
| 24:00 | Create | Longbowman |
| 24:07 | Create | Villager (Male) |
| 24:08 | Create | Villager (Male) |
| 24:09 | Create | Villager (Male) |
| 24:09 | Create | Villager (Male) |
| 24:19 | Build | Town Center |
| 24:39 | Create | Longbowman |
| 24:50 | Create | Villager (Male) ×5 |
| 24:50 | Create | Villager (Male) ×5 |
| 24:53 | Create | Longbowman |
| 24:53 | Create | Longbowman |
| 24:53 | Create | Longbowman |
| 24:53 | Create | Longbowman |
| 24:54 | Create | Longbowman |
| 25:18 | Build | Barracks |
| 25:20 | Create | Longbowman |
| 25:21 | Create | Longbowman |
| 25:45 | Research | Bow Saw |
| 26:00 | Research | Heavy Plow |
| 26:34 | Build | Stable |
| 26:54 | Create | Longbowman |
| 26:54 | Create | Longbowman |
| 27:09 | Create | Petard |
| 27:09 | Create | Petard |
| 27:45 | Build | Siege Workshop |
| 27:55 | Build | University |
| 28:05 | Research | Gold Shaft Mining |
| 28:06 | Create | Villager (Male) |
| 28:06 | Create | Villager (Male) |
| 28:07 | Create | Villager (Male) |
| 28:08 | Create | Longbowman ×5 |
| 28:08 | Create | Longbowman ×4 |
| 28:57 | Research | Ballistics |
| 29:21 | Build | Farm |
| 29:22 | Build | Farm |
| 29:22 | Build | Farm |
| 29:22 | Build | Farm |
| 29:22 | Build | Farm |
| 29:22 | Build | Farm |
| 29:24 | Create | Villager (Male) |
| 29:24 | Create | Villager (Male) |
| 29:24 | Create | Villager (Male) |
| 29:25 | Create | Longbowman |
| 29:25 | Create | Longbowman |
| 29:25 | Create | Longbowman |
| 31:28 | Create | Villager (Male) |
| 31:28 | Create | Villager (Male) |
| 31:28 | Create | Villager (Male) |
| 31:29 | Create | Villager (Male) |
| 31:29 | Create | Villager (Male) |
| 31:29 | Create | Villager (Male) |
| 31:29 | Create | Villager (Male) |
| 31:45 | Build | Farm |
| 31:46 | Build | Farm |
| 31:46 | Build | Farm |
| 31:46 | Build | Farm |
| 31:46 | Build | Farm |
Build order — ggLUNCHIE_YT
First 150 of 162 actions detected
| 0:02 | Create | Villager (Male) |
| 0:02 | Create | Villager (Male) |
| 0:02 | Create | Villager (Male) |
| 0:03 | Create | Villager (Male) |
| 0:09 | Build | House |
| 0:13 | Build | House |
| 1:52 | Create | Villager (Male) |
| 2:16 | Create | Villager (Male) |
| 2:16 | Create | Villager (Male) |
| 2:50 | Create | Villager (Male) |
| 3:06 | Create | Villager (Male) |
| 3:49 | Create | Villager (Male) |
| 4:09 | Create | Villager (Male) |
| 4:13 | Build | Lumber Camp |
| 4:34 | Build | House |
| 4:37 | Create | Villager (Male) |
| 4:39 | Research | Loom |
| 5:00 | Create | Villager (Male) |
| 5:12 | Build | Mining Camp |
| 5:19 | Build | House |
| 5:27 | Build | House |
| 5:29 | Create | Villager (Male) |
| 5:59 | Build | House |
| 6:03 | Build | House |
| 6:06 | Build | House |
| 6:09 | Create | Villager (Male) |
| 6:31 | Create | Villager (Male) |
| 6:55 | Build | Mill |
| 6:57 | Create | Villager (Male) |
| 7:27 | Create | Villager (Male) |
| 7:45 | Build | House |
| 7:46 | Build | House |
| 7:59 | Create | Villager (Male) |
| 8:00 | Create | Villager (Male) |
| 8:22 | Create | Villager (Male) |
| 8:56 | Create | Villager (Male) |
| 9:18 | Create | Villager (Male) |
| 9:20 | Create | Villager (Male) |
| 9:20 | Create | Villager (Male) |
| 9:20 | Create | Villager (Male) |
| 9:20 | Create | Villager (Male) |
| 9:59 | Build | Farm |
| 9:59 | Build | Farm |
| 9:59 | Build | Farm |
| 10:00 | Build | Farm |
| 10:00 | Build | Farm |
| 10:00 | Build | Farm |
| 10:00 | Build | Farm |
| 10:02 | Build | Farm |
| 10:23 | Create | Villager (Male) |
| 11:25 | Create | Villager (Male) |
| 11:41 | Create | Villager (Male) |
| 12:05 | Research | Feudal Age |
| 13:17 | Create | Villager (Male) |
| 13:18 | Create | Villager (Male) |
| 13:19 | Create | Villager (Male) |
| 13:38 | Build | Mill |
| 14:26 | Age | Feudal Age |
| 14:32 | Research | Horse Collar |
| 14:37 | Research | Gold Mining |
| 14:38 | Research | Double-Bit Axe |
| 15:10 | Build | Blacksmith |
| 15:20 | Build | Market |
| 15:27 | Research | Wheelbarrow |
| 15:28 | Create | Villager (Male) |
| 15:44 | Create | Villager (Male) |
| 16:02 | Build | Stone Wall |
| 16:06 | Build | Building 487 |
| 16:49 | Research | Castle Age |
| 17:38 | Build | House |
| 17:40 | Build | House |
| 17:42 | Build | House |
| 17:43 | Build | House |
| 17:44 | Build | House |
| 17:45 | Build | House |
| 17:46 | Build | House |
| 17:48 | Build | House |
| 17:49 | Build | House |
| 17:50 | Build | House |
| 18:01 | Build | Palisade Gate |
| 18:53 | Build | Barracks |
| 19:03 | Build | Mill |
| 19:09 | Create | Villager (Male) |
| 19:09 | Create | Villager (Male) |
| 19:11 | Create | Villager (Male) |
| 19:26 | Build | Archery Range |
| 19:46 | Age | Castle Age |
| 19:57 | Build | Mining Camp |
| 20:10 | Build | Monastery |
| 20:18 | Build | University |
| 21:03 | Create | Villager (Male) |
| 21:12 | Create | Villager (Male) |
| 21:37 | Research | Imperial Age |
| 22:24 | Build | House |
| 22:25 | Build | House |
| 22:26 | Build | House |
| 22:27 | Build | House |
| 22:28 | Build | House |
| 22:30 | Build | House |
| 22:31 | Build | House |
| 22:32 | Build | House |
| 22:33 | Build | House |
| 22:34 | Build | House |
| 22:35 | Build | House |
| 23:07 | Build | Stone Wall |
| 23:16 | Build | Building 665 |
| 23:29 | Create | Skirmisher |
| 23:30 | Create | Skirmisher |
| 23:30 | Create | Skirmisher |
| 23:30 | Create | Skirmisher |
| 23:32 | Create | Skirmisher |
| 23:36 | Research | Stone Mining |
| 23:41 | Research | Bow Saw |
| 24:10 | Create | Archer |
| 24:12 | Create | Skirmisher |
| 24:17 | Research | Stone Shaft Mining |
| 25:03 | Age | Imperial Age |
| 25:08 | Create | Villager (Male) |
| 25:08 | Create | Villager (Male) |
| 25:09 | Create | Villager (Male) |
| 25:17 | Build | Feitoria |
| 25:23 | Research | Treadmill Crane |
| 25:32 | Build | Lumber Camp |
| 25:53 | Build | Stone Wall |
| 25:55 | Build | Stone Wall |
| 26:07 | Create | Skirmisher |
| 26:07 | Create | Skirmisher |
| 26:24 | Build | Feitoria |
| 26:44 | Build | House |
| 26:45 | Build | House |
| 26:47 | Build | House |
| 26:48 | Build | House |
| 26:49 | Build | House |
| 26:51 | Build | House |
| 26:52 | Build | House |
| 26:53 | Build | House |
| 26:55 | Build | House |
| 26:56 | Build | House |
| 26:57 | Build | House |
| 27:13 | Build | Mining Camp |
| 27:19 | Create | Skirmisher |
| 27:20 | Create | Skirmisher |
| 27:20 | Create | Skirmisher |
| 27:20 | Create | Skirmisher |
| 27:21 | Create | Skirmisher |
| 27:27 | Research | Fletching |
| 27:28 | Research | Padded Archer Armor |
| 27:34 | Build | Feitoria |
| 27:50 | Create | Spearman |
| 27:50 | Create | Spearman |
Build order — CrankShaft
First 150 of 200 actions detected
| 0:03 | Build | House |
| 0:06 | Build | House |
| 0:07 | Create | Villager (Male) |
| 0:07 | Create | Villager (Male) |
| 0:08 | Create | Villager (Male) |
| 0:08 | Create | Villager (Male) |
| 1:33 | Create | Villager (Male) |
| 1:34 | Create | Villager (Male) |
| 1:42 | Create | Villager (Male) |
| 1:42 | Create | Villager (Male) |
| 2:24 | Create | Villager (Male) |
| 2:49 | Create | Villager (Male) |
| 3:10 | Build | Lumber Camp |
| 3:23 | Create | Villager (Male) |
| 3:23 | Create | Villager (Male) |
| 3:24 | Create | Villager (Male) |
| 4:11 | Create | Villager (Male) |
| 4:11 | Create | Villager (Male) |
| 4:12 | Create | Villager (Male) |
| 4:40 | Build | House |
| 4:41 | Build | House |
| 5:04 | Create | Villager (Male) |
| 5:04 | Create | Villager (Male) |
| 5:28 | Create | Villager (Male) |
| 5:28 | Create | Villager (Male) |
| 5:28 | Create | Villager (Male) |
| 5:28 | Create | Villager (Male) |
| 6:02 | Build | Mill |
| 6:13 | Create | Villager (Male) |
| 6:13 | Create | Villager (Male) |
| 6:51 | Create | Villager (Male) |
| 6:51 | Create | Villager (Male) |
| 6:51 | Create | Villager (Male) |
| 8:07 | Research | Feudal Age |
| 8:23 | Build | Farm |
| 8:24 | Build | Farm |
| 8:25 | Build | Farm |
| 8:26 | Build | Farm |
| 8:47 | Research | Loom |
| 8:55 | Build | Outpost |
| 9:09 | Build | Mining Camp |
| 9:29 | Create | Villager (Male) |
| 9:29 | Create | Villager (Male) |
| 9:29 | Create | Villager (Male) |
| 9:30 | Create | Villager (Male) |
| 10:17 | Age | Feudal Age |
| 10:18 | Research | Double-Bit Axe |
| 10:18 | Research | Double-Bit Axe |
| 10:21 | Research | Horse Collar |
| 10:32 | Build | Market |
| 10:36 | Build | Blacksmith |
| 10:43 | Build | House |
| 11:14 | Build | Lumber Camp |
| 11:24 | Create | Villager (Male) |
| 11:24 | Create | Villager (Male) |
| 11:24 | Create | Villager (Male) |
| 11:26 | Create | Villager (Male) |
| 11:40 | Build | House |
| 11:41 | Build | House |
| 11:49 | Build | House |
| 12:07 | Create | Villager (Male) |
| 12:07 | Create | Villager (Male) |
| 13:09 | Build | Barracks |
| 13:31 | Build | Mill |
| 13:43 | Create | Villager (Male) |
| 13:43 | Create | Villager (Male) |
| 14:02 | Build | Outpost |
| 14:06 | Build | Outpost |
| 16:05 | Research | Castle Age |
| 16:05 | Research | Castle Age |
| 16:10 | Build | Farm |
| 16:10 | Build | Farm |
| 16:11 | Build | Farm |
| 16:21 | Build | Farm |
| 16:21 | Build | Farm |
| 16:21 | Build | Farm |
| 16:33 | Build | Mining Camp |
| 17:23 | Build | Outpost |
| 17:26 | Build | Outpost |
| 17:30 | Build | Outpost |
| 18:09 | Create | Villager (Male) |
| 18:09 | Create | Villager (Male) |
| 18:09 | Create | Villager (Male) |
| 18:10 | Create | Villager (Male) |
| 18:10 | Create | Villager (Male) |
| 18:10 | Create | Villager (Male) |
| 18:45 | Age | Castle Age |
| 18:47 | Create | Fire Lancer ×5 |
| 18:47 | Create | Fire Lancer ×5 |
| 18:48 | Create | Fire Lancer ×3 |
| 18:58 | Create | Villager (Male) |
| 18:59 | Create | Villager (Male) |
| 19:24 | Build | Stable |
| 19:47 | Build | Town Center |
| 20:39 | Research | Bow Saw |
| 20:58 | Build | Farm |
| 21:06 | Create | Villager (Male) |
| 21:06 | Create | Villager (Male) |
| 21:07 | Create | Villager (Male) |
| 21:07 | Create | Villager (Male) |
| 21:07 | Create | Villager (Male) |
| 21:07 | Create | Villager (Male) |
| 21:08 | Create | Villager (Male) |
| 21:11 | Create | Villager (Male) |
| 21:12 | Create | Villager (Male) |
| 21:18 | Build | Farm |
| 21:26 | Research | Squires |
| 21:46 | Build | House |
| 21:47 | Build | House |
| 21:48 | Build | House |
| 21:49 | Build | House |
| 21:50 | Build | House |
| 22:02 | Build | House |
| 22:19 | Create | Battle Elephant |
| 22:19 | Create | Battle Elephant |
| 22:20 | Create | Battle Elephant |
| 22:20 | Create | Battle Elephant |
| 22:20 | Create | Battle Elephant |
| 22:42 | Create | Villager (Male) |
| 23:01 | Build | Castle |
| 23:07 | Build | Mining Camp |
| 23:32 | Build | Siege Workshop |
| 24:00 | Create | Villager (Male) |
| 24:01 | Create | Villager (Male) |
| 24:01 | Create | Villager (Male) |
| 24:01 | Create | Villager (Male) |
| 24:01 | Create | Villager (Male) |
| 24:02 | Create | Villager (Male) |
| 24:02 | Create | Villager (Male) |
| 24:14 | Create | Villager (Male) |
| 24:42 | Build | Town Center |
| 24:51 | Build | House |
| 24:52 | Build | House |
| 24:54 | Build | House |
| 24:55 | Build | House |
| 24:56 | Build | House |
| 24:57 | Build | House |
| 24:58 | Build | House |
| 25:03 | Create | Battering Ram |
| 25:03 | Create | Battering Ram |
| 25:04 | Create | Battering Ram |
| 25:09 | Create | Fire Lancer |
| 25:09 | Create | Fire Lancer |
| 25:35 | Create | Villager (Male) |
| 25:35 | Create | Villager (Male) |
| 25:35 | Create | Villager (Male) |
| 25:36 | Create | Villager (Male) |
| 25:36 | Create | Villager (Male) |
| 26:18 | Create | Fire Lancer |
| 26:18 | Create | Fire Lancer |
Match timeline
| 9:48 | Judmerg · age_up feudal |
| 10:17 | CrankShaft · age_up feudal |
| 11:32 | vserna.cas · age_up feudal |
| 13:09 | CrankShaft · first_building Barracks |
| 14:09 | vserna.cas · wall_segment Stone Wall x1 |
| 14:25 | vserna.cas · wall_segment Stone Wall x3 |
| 14:26 | ggLUNCHIE_YT · age_up feudal |
| 15:05 | vserna.cas · wall_segment Stone Wall x1 |
| 16:02 | ggLUNCHIE_YT · wall_segment Stone Wall x4 |
| 16:46 | vserna.cas · wall_segment Stone Wall x1 |
| 17:13 | vserna.cas · age_up castle |
| 17:21 | vserna.cas · first_market_buy 100 wood |
| 18:45 | CrankShaft · age_up castle |
| 18:53 | ggLUNCHIE_YT · first_building Barracks |
| 19:24 | CrankShaft · first_building Stable |
| 19:26 | ggLUNCHIE_YT · first_building Archery Range |
| 19:46 | ggLUNCHIE_YT · age_up castle |
| 19:47 | vserna.cas · first_building Castle |
| 20:10 | ggLUNCHIE_YT · first_building Monastery |
| 20:17 | Judmerg · age_up castle |
| 20:18 | vserna.cas · wall_segment Palisade Wall x3 |
| 20:25 | vserna.cas · wall_segment Palisade Wall x6 |
| 20:29 | vserna.cas · wall_segment Palisade Wall x3 |
| 20:30 | vserna.cas · wall_segment Palisade Wall x3 |
| 21:01 | Judmerg · first_building Castle |
| 21:19 | Judmerg · first_building Monastery |
| 23:01 | CrankShaft · first_building Castle |
| 23:07 | ggLUNCHIE_YT · wall_segment Stone Wall x11 |
| 23:32 | CrankShaft · first_building Siege Workshop |
| 23:37 | vserna.cas · first_building Monastery |
| 24:36 | CrankShaft · first_market_buy 100 stone |
| 25:03 | ggLUNCHIE_YT · age_up imperial |
| 25:18 | Judmerg · first_building Barracks |
| 25:53 | ggLUNCHIE_YT · wall_segment Stone Wall x1 |
| 25:55 | ggLUNCHIE_YT · wall_segment Stone Wall x1 |
| 26:28 | CrankShaft · first_building Archery Range |
| 26:34 | Judmerg · first_building Stable |
| 26:47 | vserna.cas · first_building Siege Workshop |
| 27:45 | Judmerg · first_building Siege Workshop |
| 28:19 | ggLUNCHIE_YT · first_building Siege Workshop |
| 29:35 | ggLUNCHIE_YT · first_market_sell 100 wood |
| 30:07 | ggLUNCHIE_YT · resign |
[ AI ANALYSIS · 1 CREDIT ]
What really happened in this match?
Wolo.gg analyzes every decision: build order, eco, micro, common mistakes by bracket. Personalized analysis on WhatsApp or Discord in 30 seconds.
Civ guide
Italians
Map guide
Arena
Perfil
vserna.cas